 Dungeon Crawl Stone Soup version 0.23.0-28-g6fe0f4d (webtiles) character file.

Game seed: 14840043802278868260

42 Borgoz the Grasshopper (level 3, -2/29 (30) HPs)
             Began as a Ghoul Warper on Feb 25, 2019.
             Slain by a gnoll
             ... wielding a +0 club
              (3 damage)
             ... on level 1 of the Dungeon.
             The game lasted 00:03:17 (888 turns).

Borgoz the Grasshopper (Ghoul Warper)                Turns: 888, Time: 00:03:18

HP:   -2/29 (30)    AC:  5    Str: 13 (14) XL:     3   Next: 54%
MP:   4/4           EV: 10    Int:  5 (8)  God:
Gold: 49            SH:  0    Dex:  7 (9)  Spells: 5/5 levels left

rFire    . . .     SeeInvis .     - Unarmed
rCold    + . .     Gourm    .   (no shield)
rNeg     + + +     Faith    .   h - +0 ring mail
rPois    ∞         Spirit   .   (no helmet)
rElec    .         Reflect  .   (no cloak)
rCorr    .         Harm     .   (no gloves)
MR       .....                  (no boots)
Stlth    +.........             (no amulet)
HPRegen  0.00/turn              (no ring)
MPRegen  0.09/turn              (no ring)

@: very slightly contaminated, rotting
A: rotting body, claws 1, carnivore, cold resistance 1, negative energy
resistance 3, inhibited regeneration, torment resistance, unbreathing
a: no special abilities


You were on level 1 of the Dungeon.
You were not hungry.

You visited 1 branch of the dungeon, and saw 2 of its levels.

You collected 49 gold pieces.

Inventory:

Missiles
 d - 5 tomahawks of dispersal (quivered)
Armour
 h - a +0 ring mail (worn)
Scrolls
 a - a scroll of remove curse
 g - a scroll of amnesia {unknown}
Potions
 e - 2 potions of lignification
Comestibles
 f - a ration


   Skills:
 + Level 2.4 Fighting
 - Level 0.8 Throwing
 * Level 1.7 Armour
 * Level 2.3 Dodging
 + Level 0.9 Stealth
 + Level 2.5 Unarmed Combat
 + Level 1.9 Spellcasting
   Level 2.6 Translocations


You had 5 spell levels left.
You didn't know any spells.
Your spell library contained the following spells:

 Spells                   Type           Power        Failure   Level  Hunger
 Blink                    Tloc           N/A          43%         2    ###....
 Shroud of Golubria       Chrm/Tloc      #.........   63%         2    ###....
 Gell's Gravitas          Tloc           #.........   67%         3    ####...
 Lesser Beckoning         Tloc           #.........   67%         3    ####...
 Teleport Other           Tloc           #.......     67%         3    ####...
 Passage of Golubria      Tloc           N/A          97%         4    #####..


Dungeon Overview and Level Annotations

Branches:
Dungeon (2/15)

Altars:


Innate Abilities, Weirdness & Mutations

Your body is rotting away.
You thrive on raw meat.
You are immune to poison.
You have sharp fingernails.
You are carnivorous and can eat meat at any time.
Your flesh is cold resistant. (rC+)
You are immune to negative energy. (rN+++)
You do not regenerate when monsters are visible.
You are immune to unholy pain and torment.
You can survive without breathing.


Message History

The gnoll hits you.
* * * LOW HITPOINT WARNING * * *
As you read the scroll labeled IRAFUEN JINO, it crumbles to dust.
You feel blessed for a moment.
It was a scroll of remove curse.
The gnoll closely misses you.
You scratch the gnoll.
The gnoll is severely wounded.
The gnoll hits you but does no damage.
You scratch the gnoll.
The gnoll is almost dead.
The gnoll hits you but does no damage.
You barely miss the gnoll.
The gnoll is almost dead.
The gnoll closely misses you.
You claw the gnoll!
You kill the gnoll!
You closely miss the gnoll.
The gnoll is almost dead.
The gnoll hits you with a +0 club.
You die...

#.#####......###.#
.................#
#.################
#.#.......#
#.#.......########
#............g...#
##........######.#
.#......)......#g#
.##..###g####.##@#
..#..# #§...#....#
#)##.######.######
#..#........#
...#........#
............#
..#.........####
..#...........(#
..##..########.#


You could see a gnoll.

Vanquished Creatures
  A gnoll (D:1)
  A dart slug (D:1)
  A leopard gecko (D:1)
  3 giant cockroaches (D:1)
  7 hobgoblins (D:1)
  A ball python (D:1)
  6 bats (D:1)
  A frilled lizard (D:1)
  A goblin (D:1)
  3 kobolds (D:1)
  3 rats (D:1)
28 creatures vanquished.

Notes
Turn   | Place    | Note
-------+----------+-------------------------------------------
     0 | D:1      | Borgoz the Ghoul Warper began the quest for the Orb.
     0 | D:1      | Reached XP level 1. HP: 17/17 MP: 2/2
    32 | D:1      | Reached skill level 1 in Armour
    58 | D:1      | Reached XP level 2. HP: 24/24 MP: 3/3
   407 | D:1      | Reached XP level 3. HP: 17/30 MP: 4/4
   875 | D:1      | HP: 1/29 [gnoll (6)]
   888 | D:1      | Slain by a gnoll

Skill      XL: |  1  2 |
---------------+-------+-----
Armour         | 1 |  1.7
Dodging        | 2 |  2.3
Fighting       | |  2.4
Throwing       | |  0.8
Stealth        | |  0.9
Unarmed Combat | |  2.5
Spellcasting   | |  1.9
Translocations | |  2.6

Action                   || total
-------------------------++-------
Melee: Unarmed           ||   116
       Punch             ||     1
  Use: Scroll            ||     2
       Potion            ||     2
 Stab: Sleeping          ||     1
  Eat: Chunk             ||    17
Armor: Leather armour    ||    33
       Ring mail         ||    14
Dodge: Dodged            ||    86
